 Dungeon Crawl Stone Soup version 0.18-a0-1702-gd20c6a5 (webtiles) character file.

345 HeOfManyNames the Skirmisher (level 6, -8/51 HPs)
             Began as a Mummy Monk on Apr 7, 2016.
             Mangled by a gnoll
             ... wielding a +0 spear
              (13 damage)
             ... on level 5 of the Dungeon.
             The game lasted 00:03:45 (5488 turns).

HeOfManyNames the Skirmisher (Mummy Monk)           Turns: 5488, Time: 00:03:46

Health: -8/51      AC:  0    Str: 14    XL:     6   Next: 32%
Magic:  6/6        EV: 13    Int: 10    God:
Gold:   200        SH:  0    Dex: 16    Spells: 0 memorised, 5 levels left

rFire  x . .     SeeInvis .       - Unarmed
rCold  + . .     Gourm    .     (no armour)
rNeg   + + +     Faith    .     (no shield)
rPois  ∞         Spirit   .     (no helmet)
rElec  .         Dismiss  .     (no cloak)
rCorr  .         Reflect  .     (no gloves)
SustAt .         Harm     .     (no boots)
MR     .....                    (no amulet)
Stlth  ++........               (no ring)
                                (no ring)

@: not resistant to hostile enchantments, unstealthy
A: no food or potions, fire vulnerability, cold resistance 1, negative energy
resistance 3, torment resistance, unbreathing
a: no special abilities


You were on level 5 of the Dungeon.
You were not hungry.

You visited 1 branch of the dungeon, and saw 5 of its levels.

You collected 200 gold pieces.


Innate Abilities, Weirdness & Mutations

You do not eat or drink.
Your flesh is vulnerable to fire.
You are immune to poison.
Your flesh is cold resistant.
You are immune to negative energy.
You are immune to unholy pain and torment.
You can survive without breathing.


   Skills:
 - Level 5.2 Fighting
 + Level 2.7 Dodging
 - Level 1.5 Stealth
 - Level 5.0 Unarmed Combat


You had 5 spell levels left.
You didn't know any spells.

Inventory:

Scrolls
 a - a scroll of enchant weapon
 b - 2 scrolls of recharging
 c - a scroll of remove curse
 e - 2 scrolls of fear
 g - a scroll of enchant armour
 h - 2 scrolls of magic mapping
 j - 2 scrolls of teleportation {@r4}
 l - 4 scrolls of immolation {!r}

Dungeon Overview and Level Annotations

Branches:
Dungeon (5/15)             Temple (0/1) D:5

Altars:
Kikubaaqudgha

Annotations:
D:4 exclusion: steam dragon

... ... ▒.. ▒....▒.▒.▒ ▒..
▒....▒.▒.▒ ▒ ▒.. ▒....▒.▒.▒
..▒▒▒..▒▒▒......▒.▒
..............▒.▒.▒▒▒
..................(.
▒..<.▒.)....▒.▒▒
▒.▒..▒.......M.gg▒▒▒▒▒▒▒▒▒.▒.
...........▒▒.(▒▒▒....).......
▒▒.▒▒.▒.▒.▒▒▒▒.▒▒▒▒.▒▒▒▒▒▒▒.▒.
▒ ▒▒.▒.▒.▒▒▒▒..▒▒▒.▒
..................▒
▒▒▒▒▒▒▒▒▒▒▒..%......
........▒.▒.▒.▒.
▒▒▒▒▒▒▒......... ▒.▒.......


You could see 2 gnolls.


Message History

You see here a club!
You are too injured to fight recklessly!!!
You are too injured to fight recklessly!!!
You are too injured to fight recklessly!!!
You are too injured to fight recklessly!!!
You are too injured to fight recklessly!!!
You are too injured to fight recklessly!!!
You are too injured to fight recklessly!!!
You are too injured to fight recklessly!!!
You are too injured to fight recklessly!!!
You are too injured to fight recklessly!!!
You are too injured to fight recklessly!!!
You are too injured to fight recklessly!!!
You are too injured to fight recklessly!!!
You are too injured to fight recklessly!!!
You are too injured to fight recklessly!!!
You are too injured to fight recklessly!!!
You are too injured to fight recklessly!!!
You are too injured to fight recklessly!!!
You are too injured to fight recklessly!!!
You are too injured to fight recklessly!!!
You are too injured to fight recklessly!!!
You are too injured to fight recklessly!!!
You are too injured to fight recklessly!!!
You are too injured to fight recklessly!!!
You are too injured to fight recklessly!!!
The gnoll hits you from afar with a spear!!! * * * don't die
* * * The gnoll hits you from afar with a spear!!! rip

Action                   |  1- 3 |  4- 6 || total
-------------------------+-------+-------++-------
Melee: Unarmed           |   155 |   170 ||   325
  Use: Scroll            |       |    10 ||    10
 Stab: Sleeping          |     3 |     5 ||     8

Vault maps used:
D:1:      roderic_chinese_lattice_arrival, serial_forest,
          infiniplex_forest_lined_3, infiniplex_forest_clump_long,
          infiniplex_forest_clump_small, infiniplex_forest_clump_cross,
          infiniplex_forest_clump_tiny, infiniplex_forest_lined_2,
          minmay_misc_feat_alley, minmay_lizard_king
D:2:      minmay_liquid_box
D:3:      uniq_jessica
D:4:      kennysheep_vampire_church
D:5:      minmay_temple_entry_glass, first_bread

Notes
Turn   | Place    | Note
--------------------------------------------------------------
     0 | D:1      | HeOfManyNames the Mummy Monk began the quest for the Orb.
     0 | D:1      | Reached XP level 1. HP: 18/18 MP: 1/1
   158 | D:1      | Reached XP level 2. HP: 5/24 MP: 2/2
   614 | D:1      | Reached skill level 4 in Unarmed Combat
   962 | D:1      | Reached XP level 3. HP: 26/29 MP: 3/3
  1948 | D:2      | Reached XP level 4. HP: 7/35 MP: 4/4
  2727 | D:3      | Noticed Jessica
  2738 | D:3      | Killed Jessica
  2738 | D:3      | Reached skill level 5 in Unarmed Combat
  3807 | D:4      | Noticed a phantom
  3901 | D:4      | Reached XP level 5. HP: 34/42 MP: 5/5
  4119 | D:4      | Reached skill level 4 in Fighting
  4645 | D:4      | Found an ancient bone altar of Kikubaaqudgha.
  4662 | D:4      | Reached XP level 6. HP: 28/50 MP: 6/6
  4805 | D:4      | Reached skill level 5 in Fighting
  4982 | D:4      | Noticed a steam dragon
  5438 | D:5      | Entered Level 5 of the Dungeon
  5456 | D:5      | Found a staircase to the Ecumenical Temple.
  5481 | D:5      | HP: 3/51 [gnoll/spear (9)]
  5488 | D:5      | Mangled by a gnoll

Vanquished Creatures
  A howler monkey (D:4)
  2 vampire bats (D:4)
  Jessica (D:3)
  2 worker ants (D:4)
  A hound skeleton (D:4)
  A gnoll (D:5)
  4 adders
  An ooze (D:4)
  2 worms
  2 dart slugs (D:1)
  2 giant geckos (D:1)
  An orc (D:4)
  A ball python (D:1)
  7 bats
  A bat skeleton (D:4)
  4 bat zombies (D:4)
  6 giant cockroaches
  5 goblins
  12 hobgoblins
  3 jackals (D:3)
  3 quokkas
  11 giant newts
  A jackal skeleton (D:4)
  5 kobolds
  4 rats
83 creatures vanquished.
